Map: Year Zero LE

Players

XOURCE

  • Race: Zerg Zerg
  • League: Platinum
  • Spawn Location: 1:00

Darkmutroux - Winner!

  • Race: Terran Terran
  • League: Diamond
  • Spawn Location: 11:00

VOD

Have the link to the VOD?

Description

Time

  • Played on: March 8, 2019, 3:50 p.m.
  • Length: 6:17
Show
View Real Time Build Order
Export as new Build Order

XOURCE Zerg 

Build Orders: Hatch First 

Get SALT Encoding   

  12  0:01  Drone  
  13  0:13  Overlord  
  13  0:18  Drone  
  14  0:31  Drone x2  
  14  0:34  Drone  
  17  0:54  Hatchery  
  17  0:57  Drone  
  17  1:00  Drone  
  18  1:12  Extractor  
  18  1:16  Spawning Pool  
  16  1:20  Drone  
  16  1:22  Drone  
  18  1:28  Drone  
  19  1:40  Overlord  
  19  1:52  Drone  
  20  2:03  Queen  
  20  2:04  Zergling x2  
  20  2:06  Queen  
  20  2:07  Zergling x2  
  26  2:15  Metabolic Boost  
  26  2:16  Drone  
  27  2:25  Drone x2  
  29  2:33  Drone x2  
  31  2:41  Overlord  
  31  2:43  Queen  
  33  2:45  Drone  
  34  2:52  Drone  
  34  2:54  Overlord  
  35  3:01  Drone  
  36  3:08  Overlord  
  36  3:23  Drone x4  
  36  3:24  Drone  
  41  3:28  Hatchery  
  40  3:35  Drone x4  
  40  3:37  Extractor  
  40  3:38  Extractor  
  42  3:47  Evolution Chamber  
  41  3:48  Baneling Nest  
  40  4:03  Zergling x4  
  40  4:05  Drone x3  
  40  4:06  Overlord  
  40  4:07  Overlord  
  44  4:22  Zerg Melee Weapons Level 1  
  44  4:23  Zergling x10  
  49  4:36  Zergling x4  
  49  4:39  Baneling x3  
  49  4:55  Zergling x6  
  49  4:56  Zergling x10  
  57  5:07  Pneumatized Carapace  
  57  5:18  Roach Warren  
  56  5:22  Baneling  
  56  5:27  Baneling  
  54  5:35  Drone x3  
  56  5:36  Drone  
  56  5:37  Drone x11  
  69  5:52  Extractor  
Show
View Real Time Build Order
Export as new Build Order

Darkmutroux Terran - Winner!

Build Orders: Liberator Opening 

Get SALT Encoding   

  12  0:00  SCV  
  13  0:13  SCV  
  14  0:18  Supply Depot  
  14  0:25  SCV  
  15  0:40  SCV  
  15  0:41  Barracks  
  16  0:48  Refinery  
  16  0:52  SCV  
  16  0:55  Refinery  
  17  1:04  SCV  
  18  1:29  Barracks Reactor  
  18  1:31  Orbital Command, Supply Depot  
  18  1:49  Factory  
  18  1:56  SCV  
  19  2:05  Marine x2  
  21  2:14  SCV  
  22  2:21  Supply Depot  
  22  2:26  Marine  
  22  2:27  Marine  
  24  2:36  Factory Tech Lab  
  24  2:40  Starport  
  24  2:46  Marine x2  
  24  2:50  Supply Depot  
  26  3:00  Liberator  
  26  3:02  Siege Tank  
  26  3:04  Marine x2  
  31  3:06  SCV  
  35  3:20  SCV  
  36  3:27  Supply Depot  
  36  3:34  Siege Tank  
  39  3:43  Marine  
  39  3:44  Marine  
  41  3:55  Liberator  
  41  4:03  Supply Depot  
  41  4:06  Siege Tank  
  41  4:07  Marine x2  
  46  4:16  SCV  
  50  4:26  Marine x2  
  52  4:44  Marine  
  53  4:54  Liberator  
  56  5:16  Siege Tank  
  56  5:17  Marine  
  56  5:18  Marine  
  61  5:24  Supply Depot  
  61  5:27  Engineering Bay  
  61  5:35  Marine  
  62  5:46  Supply Depot  
Tags
 
Add a new tag
Caveats
  • Supply blocks, unpowered buildings, or Contaminate may cause inaccurate times.
  • Supply counts are checked every 10 seconds.